[Event "Rohde op 12th"]
[Site "Sautron"]
[Date "2012.10.29"]
[Round "4"]
[White "Le Roux, Jean Pierre"]
[Black "Lagarde, Maxime"]
[Result "0-1"]
[ECO "E11"]
[WhiteElo "2563"]
[BlackElo "2501"]
[Annotator "Primel,D"]
[PlyCount "88"]
[EventDate "2012.10.27"]
[EventType "swiss"]
[EventRounds "9"]
[EventCountry "FRA"]
[SourceTitle "EXT 2014"]
[Source "ChessBase"]
[SourceDate "2013.11.20"]
[SourceVersion "1"]
[SourceVersionDate "2013.11.20"]
[SourceQuality "1"]
[TimeControl "40/5400+30:1800+30"]
[WhiteClock "1:30:00"]
[BlackClock "1:30:00"]

1. Nf3 Nf6 2. c4 e6 3. d4 Bb4+ 4. Bd2 a5 (4... Qe7) (4... Be7 5. g3 d5 6. Bg2 c6 7. O-O O-O
8. Qc2 b6 9. Rd1 Nbd7 (9... Ba6 10. b3 Nbd7 11. a4 Ne4 12. Bf4 f5 13. Nc3 Bb4
14. Na2 Be7 15. h4 Bb7 16. Nc1 c5 17. Nd3 $14 {Bologan}) 10. Bf4 Bb7) 5. g3 (5. Nc3) 5... d6 6. Bg2 Nbd7 7. O-O e5 8. e3
{[%emt 0:03:30][%csl Rd2] Solide mais un peu passif} (8. Bg5 $142 exd4 9. Nxd4
$14 ) 8... c6 {[%emt 0:15:31] Après une longue
réflexion, les Noirs choisissent cette ligne secondaire} (8... Bxd2 {La grande
ligne}) 9. Bc1 $5 (9. a3) 9... e4 10. Ng5 (10. Nh4 $5 d5 11. a3 Be7 12. Nf5 O-O
13. cxd5 cxd5 14. f3 Re8 15. fxe4 dxe4 16. Nxe7+ (16. Nc3 Bf8 17. g4 (17. Bd2
Nb6 18. Qe2)) 16... Qxe7 17. Nc3 Nf8 18. Bd2 Bg4) 10... d5 11.
c5 {[%emt 0:02:13][%cal Ga2a3] Renouvellant la menace de gain du B} h6 12. Nh3 a4 $8 {[%emt 0:00:09] La théorie
considére que les Noirs ont des compensations raisonnables pour le P sacrifié}
13. a3 Ba5 14. Qxa4 Nf8 15. b4 {[%emt 0:13:18][%csl Ra3][%cal Ga4a8] La position est
toujours théorique mais JP avait visiblement des difficultés а se rappeler de
la théorie et il avait déjà dépensé beaucoup de temps dans l'ouverture.} (15.
Nf4 $5 {Le sacrifice donne des bons résultats et il était peut-être temps de
chercher une alternative} Bg4 16. Qc2 Qd7) 15... Bxh3 $1 16.
Bxh3 Bc7 17. Qd1 h5 18. f4 exf3 19. Qxf3 h4 $44 {[%emt 0:11:17][%csl Gc7,Gh8][%cal Gc7h2]
Les Noirs ont un jeu facile} 20. g4 N8h7 (20... Qe7 21. Nc3 {Pashikian,A (2639)-Stocek,J (2567) EU-Cup 26th
Plovdiv 2010 (5.4) 0-1}) (20... Ne6) 21. Nc3 $146 (21. Qf5 g6
22. Qf2 Qd7 23. Qxh4 g5 24. Qf2 Nf8 25. Qxf6 Rxh3 26. Qf5 Rxh2 27. Rf2 Rh4 28.
Rg2 Qe7 29. Nc3 Ne6 30. Bd2 O-O-O 31. Rf1 Rdh8 32. Rf3 R8h7 33. b5 Kb8 34. b6
Bf4 35. Ne2 Ng7 {Baryshpolets,A (2487)-Romanov,E (2631)/Voronezh 2012/Mega2012
Update 26/0-1 (52)}) 21... Ng5 $132 22. Qg2 O-O $32 (22... Qd7 $5 ) 23. b5 $6 (23. Rf5 $5 Nfe4 24. Nxe4 Nxe4
25. Bb2 Qe7 26. Qe2 (26. Raf1) 26... Rae8 27. Re1) 23... Ba5 24. Ne2 $1 Nfe4 25. Nf4 cxb5 26. Rb1 Qd7 $1 27. Nd3 Bc7 28.
Kh1 {[%emt 0:00:15] (=)} (28. Rf5) 28... g6 {[%emt 0:01:46] Sans surprise, les
Noirs déclinent l'offre} 29. Nb4 Rfe8 30. Rb3
$6 {[%emt 0:03:30] La partie commence а mal tourner pour les Blancs qui ont
des pièces désorganisées} (30. Nd3) 30... Ra4 31. Kg1 Kg7 32. Rd3 Ba5 (32... Nxh3+ $1 33. Qxh3 Ng5 34. Qg2 h3 $19) 33. Nc2 Rc4 34. Na1 Bd8 (34... Nxh3+)
35. Nb3 Nxh3+ 36. Qxh3 Ng5 37. Qg2 h3 $19 38. Qe2 Re4 39. Rf4 Bc7 40. Rxe4 dxe4 41. Rd1 Nf3+ 42. Kh1 Rc3 43. Nd2 Qxg4 44. d5 Rxe3 {[%emt 0:02:
46] Sur cette variante 8.. c6, les Noirs semblent ok actuellement} 0-1

[Event "FRA-ch 58 Championnat"]
[Site "Belfort"]
[Date "1983.08.19"]
[Round "7"]
[White "Haik, Aldo"]
[Black "Seret, Jean Luc"]
[Result "1-0"]
[ECO "E11"]
[WhiteElo "2400"]
[BlackElo "2375"]
[Annotator "Primel,D"]
[PlyCount "63"]
[EventDate "1983.08.12"]
[EventType "tourn"]
[EventRounds "15"]
[EventCountry "FRA"]
[EventCategory "2"]
[SourceTitle "EXT 2016"]
[Source "ChessBase"]
[SourceDate "2015.10.08"]
[SourceVersion "1"]
[SourceVersionDate "2015.10.08"]
[SourceQuality "1"]
[TimeControl "40/9000:16/5400:0"]

1. d4 Nf6 2. c4 e6 3. Nf3 Bb4+ 4. Bd2 c5 (4... a5) (4... Qe7 {La ligne
principale très solide mais qui et également assez passive}) 5. Bxb4 cxb4 6.
Nbd2 (6. g3) (6. e3) 6... O-O 7. g3 d6 8. Bg2 Nc6 9. O-O e5 10. d5 Ne7 $6 {
Ce N mal placé ne va quasiment plus jouer dans la partie} (10... Nb8 $142 11. a3 (11. Ne1 Na6 12. Nd3 Re8 13. e4 Qb6 14. Qb3 Bg4 $1 {
[%cal Gf6d7] pour permettre au second N de venir contrôler la case clé "c5"}
15. Rfe1 Nd7 16. a3 Ndc5 17. Nxc5 Qxc5 18. Qe3 b6 19. Qxc5 Nxc5 $1 20. axb4 Nd3
$15 ) 11... Na6 $1 12. Ne1 Qb6 13. Nd3 Bg4 14. axb4 Nxb4
15. c5 Qb5 16. Nxb4 Qxb4 17. cxd6 Qb5 18. f3 Bd7
19. e4 Ne8 $1 $13 ) (10... Nb8 11. a3 Na6 12. Ne1 Qb6 13.
Nd3 Bf5 14. e4 Bg4 15. Bf3 Bxf3 16. Qxf3 Nd7 17. Qe3 Ndc5 18. Nxc5 Nxc5 19. Nb3
Rfc8 20. Nxc5 Qxc5 21. Qxc5 Rxc5 22. b3 bxa3 23. Rxa3 a5 24. Rfa1 b6 25. b4
Rxc4 26. bxa5 Rxa5 27. Rxa5 bxa5 28. Rxa5 Kf8 29. f3 h5 30. Ra8+ Ke7 31. Ra7+ {
1/2-1/2 (31) Wang Yue (2739)-Ivanchuk,V (2779) Linares 2009}) 11. e4 (11. Ne1
$1 a5 12. a3 $1) 11... Qb6 12. Qc2 Nd7 13. a3 $1 Nc5
14. axb4 Qxb4 15. Ra3 $1 Bd7 16. Rfa1 $14 a5 (16... f5 17. Bh3) 17. Ne1 Ra6 (
17... a4 $1 18. Nd3 Nxd3 19. Qxd3 b5 20. b3 (20. cxb5 Bxb5)) 18. Nb3 Rc8 (18...
Ba4 19. Rxa4 Qxb3 20. Rxa5 $16) 19. Nxc5 $1 {Echange la seule pièce Noire qui
était bien placée} Qxc5 20. Rc3 (20. Nd3 $143
Qxc4 21. Qxc4 Rxc4 22. Rxa5) 20... b6 21. Nd3 $36 {[%cal Gd3c5,
Gb2b4] Les pièces blanches sont bien placées pour préparer la poussée
thématique c4c5 alors que celles du champion de France sortant ne sont pas
coordonnées.} Qd4 $2 {[%csl Rd4] Trop risqué} (21... Qc7 $8 22. f4 exf4 23.
gxf4 $16 ) 22. Rd1 $2 (22. c5 $3 {[%cal Gc3c4] La Q noire n'a
plus de cases de sortie} b5 23. cxd6 Rxd6 24. Rxc8+ Nxc8 25. Rxa5 $18 h5 26. Qc3 $1 ) 22... Ra7 $2 (22... f5 $1 23. Nb4
axb4 24. Rxd4 exd4 25. Rd3 Ra1+ 26. Bf1 (26. Rd1 Rxc4)) 23. c5 $1 Ba4 24. b3
Bb5 25. Nc1 Rac7 26. Rxd4 exd4 27. Rc4 Bxc4 28. bxc4 bxc5 29. e5 Ng6 30. exd6
Rb7 31. Nd3 Nf8 32. h4 1-0

[Event "Sautron op 13th"]
[Site "Sautron"]
[Date "2013.11.02"]
[Round "9"]
[White "Lagarde, Maxime"]
[Black "Ider, Borya"]
[Result "1/2-1/2"]
[ECO "E11"]
[WhiteElo "2523"]
[BlackElo "2377"]
[Annotator "RR"]
[PlyCount "198"]
[EventDate "2013.10.26"]
[EventType "swiss"]
[EventRounds "9"]
[EventCountry "FRA"]
[SourceTitle "EXT 2014"]
[Source "ChessBase"]
[SourceDate "2013.11.20"]
[SourceVersion "1"]
[SourceVersionDate "2013.11.20"]
[SourceQuality "1"]
[TimeControl "40/5400+30:1800+30"]
[WhiteClock "1:30:00"]
[BlackClock "1:30:00"]

1. d4 e6 2. c4 Nf6 3. Nf3 Bb4+ (3... Nc6 4. g3 Bb4+ 5.
Bd2 Qe7 6. Bg2 Bxd2+ (6... O-O $143 7. O-O Bxd2 8. Qxd2 d6 9. Nc3 $16) 7. Nbxd2
d6 8. O-O a5 (8... O-O 9. e4 e5 10. d5 Nb8 11. Ne1 a5 12. Nd3 Na6 13. a3 Bg4
14. f3 Bd7 15. b4 c6 16. bxa5 cxd5 17. cxd5 Bb5 18. Qb3 Nc7 19. Nc4 $14) 9. e4
e5 10. d5 Nb8 11. Ne1 h5 12. Nef3 Nbd7 13. Qe2 Nc5 14. h3 c6 15. b3 O-O 16. a3
cxd5 17. cxd5 Bd7 18. Rfc1 Rfc8 19. Qe3 b5 20. Rc2 $14 {Eljanov,P (2455)
-Alexandrova,O (2400) Alushta 2000 (1) 1-0}) 4. Bd2 Qe7 5. g3 Nc6 6. Nc3 (6. Bg2) 6... O-O 7. Bg2 d6 8. O-O Bxc3 9. Bxc3 e5 10. Qc2 (10. d5 Nb8 11. Nd2 a5 12. b3 c5 13.
e4 Nbd7 14. Qc2 h6 15. f4 Nh7 16. Rae1 b6 17. Nf3 a4 18. bxa4 Ra6 19. Rb1 Nhf6
20. f5 Bb7 21. a5 Rfa8 22. Rb2 Bc8 23. Rfb1 bxa5 24. Nd2 a4 25. a3 Qd8 26. h3
Rb6 27. Rxb6 Nxb6 28. Kh2 Qc7 29. g4 Nbd7 30. Bf3 Nf8 31. h4 g5 32. hxg5 hxg5
33. Kg3 Ne8 34. Be2 f6 35. Qb2 Qh7 36. Nf3 Qc7 37. Qb6 Qxb6 38. Rxb6 Nd7 39.
Rb5 Nc7 {Potkin,V (2647)-Bologan,V (2672) Khanty-Mansiysk 2013 1-0 (63)}) 10...
a5 11. d5 (11. Rad1 Re8 12. dxe5 dxe5 13. Ng5
h6 14. Ne4 {Tal,M (2615)-Petrosian,T (2635) Biel Interzonal playoff 1976 (1) 1/
2}) 11... Nb8 12. Nh4 Nbd7 13. e4 Nc5 14. Rae1 Nh5 $146 (14... c6 15. f4 exf4 16. Rxf4 Nh5 17. Rff1
Bg4 18. Nf5 Bxf5 19. exf5 Qc7 20. f6 Rae8 21. fxg7 Nxg7 22. Qd2 Rxe1 23. Rxe1
f6 24. Bxa5 b6 25. Bc3 cxd5 26. Bxd5+ Kh8 27. Qh6 {1-0 (27) Hebden,M (2522)
-Worek,J (2226) Hastings 2009}) 15. Qd1 g6 16. f4 $1 f6 {[%emt 0:11:52] Il faut tenir les
cases Noires} 17. f5 Qf7 18. b3 g5 19. Bf3 (19. Nf3) 19... Nxg3 20. hxg3 gxh4 21. gxh4 Kh8 22. Kh2 Bd7 23. Rg1 b6 24. h5 (24.
Qe2) (24. Rg2 Rg8 25. Reg1) 24... Rg8 25. h6 $14 {[%emt 0:00:
36][%csl Gg7,Rh7][%cal Gf3h5] Gagne de l'espace tout en fixant la faiblesse
"h7"} Rxg1 26. Rxg1 Rg8 27.
Bd2 Rxg1 28. Qxg1 Qg8 $11 29. Qe3 Qf8 30. Bd1 Nb7 31. Be1 Nc5 32. Bh4 (32. a3 a4 $1 33. b4 Nb3 34. Bxb3 axb3
35. Bd2 b2 36. Qb3 Qe8 ) 32... Be8 33. Kg1 Kg8 $1 34. Kf1 Kf7 35. Bf2 Ke7 36. a3 a4 $1 37. b4 Nb3 {[%emt 0:
00:03] Un thème classique dans ce genre de structure} 38. c5 Bb5+ 39. Ke1 bxc5 40. bxc5 Nxc5 {[%emt 0:00:00] Joué à tempo alors que les Noirs
avaient encore 25 mns à la pendule mais Qa8 méritait analyse} (40... Qa8 $5 41. Bxb3 axb3 42. Qxb3 Qa5+ {Rentrant dans une finale de B de
couleurs opposées}) 41. Qxc5 $1 dxc5 42.
Bxc5+ Ke8 43. Bxf8 Kxf8 44. Kd2 $14 c6 45. d6 c5 46. Kc3 (46. Bh5 $5 ) 46... Ke8 47. Bh5+ Kf8 (47... Kd7 48. Bg6 $1 ) 48. d7 (48. Kd2 Be8 49. Bd1 Bb5 50. Be2 Bc6 51. Bd3 Ke8
52. Kc3 Kd7) 48... Bxd7 49. Kc4 Bc6 50. Bf3 Ke7 51. Kxc5 {[%emt 0:01:45]
Malgré la position active du K Blanc, il est difficile pour le GMI de
progresser à cause de la faiblesse "e4"} Kd7 52. Kb4 Ke7 53. Ka5 Kd7 54. Bh5 Bxe4 55.
Bg6 Bc2 56. Bxh7 Ke7 57. Bg8 Kf8 (57... Bxf5 58.
h7 Bxh7 59. Bxh7) 58. Be6 {[%emt 0:00:04][%csl Rf8] Le K Noir ne peut plus
bouger à cause du P passé et les Blancs ont donc une pièce de plus...} Bd1 59. Kb4 Bc2 60. Kc5 (60. Kc3 Bd1) 60... Bb3 61. Kb4 Bd1 62. Kc3 Bh5 63. Kd2 Bg4 64. Ke3 Bh5 65.
Ke4 Bd1 66. Ke3 Bh5 67. Kf2 Bg4 68. Kg3 Bh5 69. Bd7 Bd1 70.
Be6 Bh5 71. Kf2 Bd1 72. Ke1 Bc2 73. Kd2 Bb1 74. Kc3 Be4 75.
Kc4 Bb1 76. Kc5 Bc2 77. Kb5 Bb3 78. Kb4 Bc2 79. Kc4 Bb3+ 80.
Kd3 Bd1 81. Bc4 Bh5 82. Ke4 Bg4 83. Bb5 Bd1 84. Kd5 Bb3+ 85.
Kd6 Kf7 86. h7 {[%emt 0:00:32] Maxime
LAGARDE avait un mauvais départage et il devait absolument gagner cette
dernière ronde mais ses efforts vont rester vains.} Kg7 87.
Ke7 Kxh7 88. Kxf6 e4 89. Ke7 e3 90. f6 Kg6 91. Bd3+ Kg5 92.
f7 Bxf7 93. Kxf7 Kf4 94. Ke6 Kf3 95. Kd5 e2 96. Bxe2+ Kxe2 97. Kc4 Ke3 98. Kb4 Kd4 99. Kxa4 Ke5 1/2-1/2

[Event "Rohde op 12th"]
[Site "Sautron"]
[Date "2012.10.29"]
[Round "4"]
[White "Koziak, Vitali"]
[Black "Drasko, Milan"]
[Result "1-0"]
[ECO "E11"]
[WhiteElo "2503"]
[BlackElo "2471"]
[Annotator "RR"]
[PlyCount "111"]
[EventDate "2012.10.27"]
[EventType "swiss"]
[EventRounds "9"]
[EventCountry "FRA"]
[SourceTitle "EXT 2014"]
[Source "ChessBase"]
[SourceDate "2013.11.20"]
[SourceVersion "1"]
[SourceVersionDate "2013.11.20"]
[SourceQuality "1"]
[TimeControl "40/5400+30:1800+30"]
[WhiteClock "1:30:00"]
[BlackClock "1:30:00"]

1. d4 e6 2. c4 Nf6 3. g3 Bb4+ 4. Bd2 a5 (4... Qe7) (4... c5) (4... Be7 5. Bg2 d5 6. Nf3 O-O 7. O-O c6
8. Qc2 b6 9. Rd1 Bb7 (9... a5 10. Bg5 (10. Bf4) 10... Ba6 11. Nbd2 Nbd7 12.
Rac1 h6 13. Bxf6 Bxf6 (13... Nxf6 14. e4 Rc8 (14... dxe4 15. Nxe4 Nxe4 16. Qxe4
) 15. Qb1 (15. e5)) 14. e4 c5 15. exd5 cxd4 16. dxe6 fxe6 17. Qg6 (17. Ne4 e5 (
17... Rc8 18. Nxf6+ Nxf6 19. Rxd4) 18. Nxf6+ Qxf6 (18... Nxf6 19. Nxe5) 19. Nh4
$36) 17... Qe8 18. Qxe8 Raxe8 19. Ne4 e5 20. Ne1 Be7 21. Nd3 {Pelletier,Y 
(2587)-Nguyen Chi Minh (2381) FRA-chT Top 12 2011 (3.3) 1-0}) 10. Nc3 Nbd7 11.
b3 Rc8 12. e4 Nxe4 (12... dxe4 13. Ng5) 13. Nxe4 dxe4 14. Qxe4 Ba8 15. Qe2 {
Witt,R (2248)-Krishnasing,A Bussum op 28th 2011 (5) 1-0} (15. Qe3 c5 16. Bc3 (
16. d5) 16... cxd4 17. Nxd4 (17. Bxd4) 17... Bf6 18. Bxa8 Rxa8 19. Rd2 (19. Rd3
) 19... Qc7 (19... Rc8 20. Rad1) 20. Rad1)) 5. Bg2 d6 {
[%emt 0:00:26][%cal Ge6e5] Anticipe l'échange des B pour jouer ensuite sur
cases noires au centre.} (5... d5 {Transpose dans une Catalane}) 6. Nf3 Nbd7 7. O-O e5 (7... Bxd2 8. Qxd2 O-O 9. Nc3 e5 10. Rfd1 Re8 $132 {Dorfman,J (2595)
-Zelcic,R (2514) EU-ch blitz Cannes 2006 (3) 1/2}) 8. Be3 $1 {[%emt 0:05:20]
[%csl Rb4][%cal Ga2a3] La menace a3 va forcer les Noirs а abandonner le centre
et les Blancs vont garder un petit avantage d'espace.} (8. Bg5 exd4 9. Nxd4 h6
10. Bf4 O-O 11. a3 Bc5 12. Nc3 a4 13. Ndb5 $1 $14 {[%csl Rc7,Rd6];
Polaczek,R (2378)-Thomas,N (2286) BCF-chT 1011 (4NCL) 2010 (4.14) 1-0}) 8...
exd4 (8... O-O 9. a3 exd4 10. Bxd4 Bc5 11. Nc3 $14 {Swiercz,D
(2609)-Vitiugov,N (2691) Chigorin Memorial 20th 2012 (6) 1/2}) 9. Bxd4 O-O 10. Nc3 (10. a3 Bc5 11.
Nc3 (11. b3 Bxd4 12. Nxd4 Ne5 13. Nc3 c6 $132 {Pelletier,Y (2574)-Nikolova,A 
(2316) Zuerich Jubilee op 2009 (2) 1-0})) 10... Qe7 {[%emt 0:18:42] Fin de la
préparation du GMI} (10... Re8 11. Qc2 c6 12. a3 Bc5 13. Rad1 Qe7 14. Rd2 Bxd4
15. Nxd4 Nb6 16. Qb3 Qc7 17. a4 Nbd7 18. Qc2 Nc5 19. Rfd1 Qb6 20. h3 h6 21. e3
Qb4 22. b3 Bd7 23. Rb1 Rad8 24. Nde2 Bc8 25. g4 {Le Quang,L (2715)-Bruzon
Batista,L (2673)/Khanty-Mansiysk 2011/CBM 145/0-1 (66)}) (10... c6) 11. Qc2 (11. Nd5 $5 Nxd5 12. cxd5 ) 11... c6 12. Na4 $5 $146 (12. Rad1 Re8 13.
Ng5 Ne5 (13... Bxc3 14. Bxc3 Qxe2 15. Qxe2 Rxe2 16. Rxd6 $14) 14. Na4 Bg4 $11
15. h3 h6 16. Nf3 Bxf3 17. exf3 Ned7 18. f4 Qe2 19. Qxe2 Rxe2 20. Bf3 Rc2 21.
Rc1 Rxc1 22. Rxc1 Nc5 23. Nxc5 Bxc5 24. Bxc5 dxc5 25. Rc3 a4 26. Kg2 Rd8 {
Horvath,J (2530)-Jovanovic,S (2375)/Porec 1998/EXT 1999/1/2-1/2 (38)}) 12...
Re8 13. e3 Bc5 14. Rad1 (14. Nxc5 {La suite logique de la nouveauté Na4} Nxc5 15. Rad1
$14 ) 14... Ne4 15. Nd2 Nxd2 16. Qxd2 Ne5 17. b3 h5 $2 (17... Bb4 $142 18. Qb2
$14 ) 18. Bxc5 $1 (18. Nxc5 $143 dxc5 19. Bc3 a4
$132 ) 18... dxc5 19. Qd6 $1 Qxd6 20. Rxd6 h4 21.
gxh4 $1 {[%emt 0:00:47] Probablement une mauvaise surprise pour les Noirs} (21.
Nxc5) 21... Kf8 22. h3 (22. Rfd1 Ke7 23. Nxc5
) 22... Ng6 23. h5 $1 Nh4 24. Rfd1 $32 {[%emt 0:00:53][%csl Ra8,Rb6,Rc5,Rc8] Non seulement les Noirs
sont en retard de développement mais ils peuvent difficilement contester le
contrôle de la colonne "d"} Rb8 25. h6 $5 {[%emt 0:03:46]
Après la simplification, les Blancs vont obtenir un P passé sur la colonne "h"}
(25. Nb6) 25... gxh6 26. Rxh6 Nxg2 27. Rh8+ Ke7 28. Rxe8+ Kxe8 29. Kxg2 b6 30. Kg3 Ke7 31. f3 (31.
h4 $5 Be6 32. Rh1 b5 33. Nxc5 bxc4 34. Nxe6 Kxe6 35. bxc4 Kf6
36. Kf4 Rb2 37. h5 Kg7 38. a4 Rxf2+ 39. Ke5 Ra2 40. Kd6 Rxa4 41. c5 Re4 42. Kxc6 a4 43. h6+ Kh7 44. Kd5 $18 ) 31... Be6 32. Rd2 $1 {[%emt 0:02:01]
Anticipant l'ouverture de la colonne "b"} b5 33. Nxc5 bxc4 34. bxc4 Bxc4 35. Rc2 Bf1 36. Nb3 (36. h4) 36... Rg8+ 37. Kh2 $6 $138 {[%emt 0:01:37][%csl Rh2]
Trop passif} (37. Kf4 $142 Rh8 38. Nxa5 Bxh3 39. Nxc6+ ) 37... a4 38. Nd4 c5 39. Nf5+ Ke6 40. Nh6 Rh8 $2 $138 {[%emt 0:00:
00] Il restait au GMI plus de 02 minutes pour jouer le 40ème coup et répondre
а tempo était une faute} (40... Rg6 $142 41. Rxc5 Rg2+ $1 {Illustrant non
seulement la différence entre les deux varaintes mais aussi le fait que 37.
Kh2 au lieu de Kf4 était imprécis.} 42. Kh1 Rxa2 $132 ) 41. Rxc5 f6 42. Kg1 Be2 43. Rc6+ Ke7 44. Nf5+ Kd7 45. Rd6+ $1 Kc7 46. Kg2 $18 Bc4 47. Rd4 Be6 48. e4 Bd7 49. h4 a3 50. Ne3 Be6 51. Kg3 Rg8+ 52. Kf4 Rh8 53. Nf5 Ra8 54. Rd2 Rb8 55. Nd4 Bf7 56. Rd3 1-0